 Dungeon Crawl Stone Soup version 0.29.1-1-gd02db6906a (webtiles) character file.

Game seed: 10088797746019523185

3435 tizbic2 the Grave Robber (level 9, -2/74 HPs)
             Began as a Troll Air Elementalist on Oct 1, 2022.
             Was an Initiate of Vehumet.
             Slain by a fire elemental (10 damage)
             ... created by the fiery vengeance of Ignis
             ... on level 9 of the Dungeon.
             The game lasted 00:40:46 (7487 turns).

tizbic2 the Grave Robber (Troll Air Elementalist)   Turns: 7487, Time: 00:40:47

Health: -2/74      AC:  9    Str: 16    XL:     9   Next: 77%
Magic:  18/24      EV:  9    Int: 15    God:    Vehumet [......]
Gold:   487        SH:  0    Dex: 10    Spells: 8/17 levels left

rFire   . . .      SeeInvis .   O - +2 giant spiked club
rCold   . . .      Faith    .   (shield currently unavailable)
rNeg    . . .      Spirit   .   N - +0 steam dragon scales
rPois   .          Reflect  .   z - +2 hat
rElec   .          Harm     .   a - scarf {+Inv}
rCorr   .          Rampage  .   (gloves unavailable)
Will    .....                   (boots unavailable)
Stlth   +.........              (no amulet)
HPRegen 1.02/turn               P - ring of magical power
MPRegen 0.19/turn               J - ring of wizardry

@: attractive, fire susceptible
A: large, unfitting armour, claws 3, regeneration 1, shaggy fur 1, tough skin 1,
horns 1, talons 1, weak 1
a: Renounce Religion, Evoke Invisibility


You were on level 9 of the Dungeon.
You worshipped Vehumet.
Vehumet was noncommittal.
You visited 2 branches of the dungeon, and saw 10 of its levels.
You also visited: Sewer.

You collected 487 gold pieces.

Inventory:

Hand Weapons
 w - a +2 mace of protection
 H - a +0 vampiric dagger
 I - a +1 hand axe of electrocution
 O - a +2 giant spiked club (weapon)
Missiles
 e - 21 poisoned darts
 A - 3 curare-tipped darts
Armour
 a - a scarf of invisibility (worn)
 z - a +2 hat (worn)
 N - +0 steam dragon scales (worn)
Jewellery
 b - a ring of protection from cold
 g - a ring of ice
 r - a ring of see invisible
 t - a ring of willpower
 G - a ring of magical power
 J - a ring of wizardry (right claw)
 P - a ring of magical power (left claw)
Wands
 o - a wand of acid (5)
 y - a wand of flame (32)
 K - a wand of charming (3)
 L - a wand of digging (4)
Scrolls
 c - a scroll of magic mapping
 f - 6 scrolls of teleportation
 l - a scroll of enchant armour
 n - a scroll of brand weapon {unknown}
 q - a scroll of amnesia
 s - 4 scrolls of immolation
 u - a scroll of poison
 v - 2 scrolls of fog
 x - 2 scrolls of noise
 F - a scroll of vulnerability
Potions
 h - 4 potions of curing {unknown}
 i - 2 potions of magic
 j - a potion of berserk rage
 k - 2 potions of brilliance {unknown}
 m - a potion of lignification {unknown}
 p - 3 potions of attraction
 B - a potion of cancellation {unknown}
 C - 2 potions of haste {unknown}
 D - a potion of heal wounds {unknown}
 E - 3 potions of mutation
 M - 2 potions of flight {unknown}


   Skills:
 + Level 4.1 Maces & Flails
 - Level 1.5 Dodging
 - Level 1.0 Stealth
 - Level 3.3 Unarmed Combat
 * Level 4.7 Spellcasting
 + Level 3.7 Conjurations
 * Level 5.6 Necromancy
 + Level 4.4 Air Magic


You had 8 spell levels left.
You knew the following spells:

 Your Spells              Type           Power      Damage    Failure   Level
a - Shock                 Conj/Air       60%        1d6       1%          1
b - Static Discharge      Conj/Air       15%        3-5/arc   1%          2
c - Sublimation of Blood  Necr           20%        N/A       1%          2
d - Airstrike             Air            8%         2d(2-18)  11%         4

Your spell library contained the following spells:

 Spells                   Type           Power      Damage    Failure   Level
 Magic Dart               Conj           56%        1d5       1%          1
 Searing Ray              Conj           28%        2d5       2%          2
 Swiftness                Air            16%        N/A       3%          3
 Confusing Touch          Hex            3%         N/A       21%         3
 Gell's Gravitas          Tloc           3%         N/A       21%         3
 Lesser Beckoning         Tloc           3%         N/A       21%         3
 Teleport Other           Tloc           3%         N/A       21%         3
 Anguish                  Hex/Necr       6%         N/A       21%         4
 Summon Lightning Spire   Summ/Air       10%        N/A       26%         4
 Fulminant Prism          Conj/Hex       4%         3d6       30%         4
 Petrify                  Tmut/Erth      3%         N/A       52%         4
 Irradiate                Conj/Tmut      4%         3d13      61%         5
 Yara's Violent Unravell  Hex/Tmut       1%         3d3       86%         5
 Conjure Ball Lightning   Conj/Air       7%         3x3d6     86%         6
 Enfeeble                 Hex            1%         N/A       100%        7


Dungeon Overview and Level Annotations

Branches:
Dungeon (9/15)             Temple (1/1) D:6           Sewer (visited)
   Lair: D:8-11         Orc: D:9-12

Altars:
Ashenzari
Cheibriados
Dithmenos
Elyvilon
Fedhas
Hepliaklqana
Kikubaaqudgha
Makhleb
Qazlal
Trog
Uskayaw
Vehumet
Wu Jian
Xom
Yredelemnul
Zin
The Shining One
Ignis


Innate Abilities, Weirdness & Mutations

You are too large for most types of armour.
You have claws for hands.
Your natural rate of healing is unusually fast.
You are covered in fur. (AC +1)
You have tough skin. (AC +1)
You have a pair of small horns on your head.
You have sharp toenails.
You are weak. (Str -2)


Message History

Okay, then.
Unknown command.
Okay, then.
Okay, then.
You remove your ring of magical power.
You feel your magic capacity decrease.
J - a ring of wizardry (right claw) "These will know how to inflict the punishment due to you!" 3 fire elementals come into view.
You closely miss the fire elemental. The fire elemental hits you.
The fire elemental burns you! The fire elemental misses you.
The fire elemental hits you. The fire elemental burns you!
The fire elemental hits you. The fire elemental burns you!
Casting: Static Discharge (safe; 1% risk of failure)
Confirm with . or Enter, or press ? or * to list all spells.
Some blue arcs ground themselves harmlessly.
The fire elemental hits you. The fire elemental burns you!
The fire elemental hits you. The fire elemental burns you!
The fire elemental hits you. The fire elemental burns you!
* * * LOW HITPOINT WARNING * * *
Okay, then.
Blink to where?
Press: ? - help, Dir - move target
As you read the scroll of blinking, it crumbles to dust.
Unknown command.
It was a potion of attraction.
You feel attractive to monsters.
The fire elemental is attracted toward you. x2
The fire elemental hits you. The fire elemental burns you!
* * * LOW HITPOINT WARNING * * *
Okay, then.
It was a potion of mutation.
You feel extremely strange. A pair of horns grows on your head!
You feel weaker.
Your toenails lengthen and sharpen.
The fire elemental hits you. The fire elemental burns you!
* * * LOW HITPOINT WARNING * * *
The fire elemental hits you. The fire elemental burns you!
* * * LOW HITPOINT WARNING * * *
The fire elemental closely misses you. The fire elemental hits you.
The fire elemental burns you!
You die...

#.......# # #+##
.≈~≈~~~~.#.......#.# #..#
.........######..#.# #..#
#............#..'.# ##..#
#............#..#.# ....#
#............##'#.#
....#####.............†...#
○○○..°°......°☼E..........#
§○°○○........○☼E@.........#
##########..°°☼E..........#
#................#
#........>.....###
#.....#####....# #######
######


You could see 3 fire elementals.

Vanquished Creatures
  A two-headed ogre (D:7)
  A wyvern (D:8)
  A steam dragon (D:8)
  A water moccasin (D:5)
  2 orc warriors
  2 black bears (D:5)
  4 bullfrogs
  4 kobold brigands (Sewer)
  Blork the orc (D:5)
  2 necrophages
  3 scorpions
  4 killer bees (D:7)
  An electric eel (D:7)
  A vampire bat (D:4)
  8 hounds
  A jelly (D:8)
  A gnoll bouda (D:6)
  3 orc priests
  Ijyb (D:4)
  Terence (D:2)
  5 iguanas
  3 orc wizards
  8 adders
  3 gnolls (D:6)
  2 river rats (Sewer)
  3 shadow imps (D:4)
  3 white imps
  An ufetubus (D:4)
  3 worms
  5 dart slugs (D:1)
  23 orcs
  2 endoplasms
  2 giant cockroaches
  4 goblins
  7 hobgoblins
  4 jackals
  5 kobolds
  2 quokkas (D:1)
  12 ball pythons
  10 bats
  8 frilled lizards
  8 rats
166 creatures vanquished.

Vanquished Creatures (others)
  10 plants (Sewer)
10 creatures vanquished.

Grand Total: 176 creatures vanquished

Notes
Turn   | Place    | Note
-------+----------+-------------------------------------------
     0 | D:1      | tizbic2 the Troll Air Elementalist began the quest for the
                  | Orb.
     0 | D:1      | Reached XP level 1. HP: 16/16 MP: 1/1
   129 | D:1      | Reached XP level 2. HP: 24/24 MP: 0/3
   188 | D:1      | Found a faded altar of an unknown god.
   194 | D:1      | Prayed at the altar of an unknown god.
   194 | D:1      | Became a worshipper of Ignis, the Dying Flame
   293 | D:1      | Learned a level 2 spell: Static Discharge
   309 | D:1      | Reached skill level 1 in Conjurations
   389 | D:1      | Reached XP level 3. HP: 31/31 MP: 0/4
   667 | D:2      | Learned a level 2 spell: Sublimation of Blood
   708 | D:2      | Noticed Terence
   722 | D:2      | Killed Terence
   936 | D:2      | Reached XP level 4. HP: 38/39 MP: 0/5
  1913 | D:3      | Reached skill level 1 in Unarmed Combat
  1913 | D:3      | Reached skill level 1 in Necromancy
  2367 | D:4      | Noticed Ijyb
  2377 | D:4      | Killed Ijyb
  2378 | D:4      | Reached XP level 5. HP: 38/45 MP: 0/7
  2440 | D:4      | Found a glowing drain.
  2489 | Sewer    | Entered a sewer
  2668 | Sewer    | Reached XP level 6. HP: 34/53 MP: 1/8
  2737 | Sewer    | Reached skill level 2 in Necromancy
  3337 | D:4      | Reached XP level 7. HP: 59/59 MP: 7/10
  3602 | D:4      | Reached skill level 1 in Maces & Flails
  3602 | D:4      | Reached skill level 3 in Necromancy
  4208 | D:5      | Entered Level 5 of the Dungeon
  4283 | D:5      | Reached XP level 8. HP: 60/67 MP: 3/11
  4422 | D:5      | Noticed Blork the orc
  4433 | D:5      | Killed Blork the orc
  4439 | D:5      | Identified the -1 helmet "Papua" {Drain rC- rN+++ Str+6}
  4482 | D:5      | Found a blossoming altar of Fedhas.
  4732 | D:5      | Reached skill level 4 in Necromancy
  5025 | D:6      | Found a staircase to the Ecumenical Temple.
  5197 | D:6      | Found an ornate altar of the Wu Jian Council.
  5223 | D:6      | Reached XP level 9. HP: 66/74 MP: 13/13
  5287 | D:6      | Found a glowing golden altar of the Shining One.
  5541 | Temple   | Entered the Ecumenical Temple
  5652 | Temple   | Fell from the grace of Ignis
  5652 | Temple   | Became a worshipper of Vehumet
  5908 | D:7      | You fall into a shaft and drop 2 floors!
  6071 | D:7      | Learned a level 4 spell: Airstrike
  6196 | D:7      | Noticed a two-headed ogre
  6200 | D:7      | Killed a two-headed ogre
  6201 | D:7      | Reached skill level 5 in Necromancy
  6445 | D:8      | Got the Precepts of Damage Dealing and the Retinue
  7485 | D:9      | Gained mutation: You have a pair of small horns on your
                  | head. [potion of mutation]
  7485 | D:9      | Gained mutation: You are weak. (Str -2) [potion of
                  | mutation]
  7485 | D:9      | Gained mutation: You have sharp toenails. [potion of
                  | mutation]
  7487 | D:9      | Slain by a fire elemental

Illustrated notes

Levels and vault maps discovered:
D:1:      minmay_arrival_pointy, layout_rooms,
          dreamdust_ecumenical_altar_angels_and_demons, minmay_box_of_dots
D:2:      layout_basic, uniq_terence
D:3:      layout_basic, serial_corexii_hall, chequers_hall_statues_wall_a,
          corexii_hall_statues_u
D:4:      layout_loops_ring, cheibrodos_sewer_entry_bend, serial_demonic,
          serial_demonic_a, serial_demonic_e, serial_demonic_e,
          serial_demonic_c, roderic_batcave, guppyfry_early_orc_mine, uniq_ijyb
D:5:      layout_rooms, kennysheep_little_box, uniq_blork_the_orc
D:6:      layout_cave_pods, mainiacjoe_overflow_small_starburst,
          mainiacjoe_overflow_six_doors_small, minmay_temple_entry_junction
D:7:      layout_cave_pools, minivault_4
D:8:      layout_basic
D:9:      layout_irregular_city, mainiacjoe_overflow_paths, david_lair_generic,
          enter_bailey_3
Temple:   jpeg_temple_clearing

Skill      XL: |  1  2  3  4  5  6  7  8  9 |
---------------+----------------------------+-----
Conjurations   | 1 2 3 |  3.7
Spellcasting   | 2 3 4 |  4.7
Unarmed Combat | 1 2 3 |  3.3
Necromancy     | 1 2 3 4 5 |  5.6
Air Magic      | 3 4 |  4.4
Maces & Flails | 1 3 4 |  4.1
Dodging        | |  1.5
Stealth        | |  1.0

Action                   |  1- 3 |  4- 6 |  7- 9 || total
-------------------------+-------+-------+-------++-------
Melee: Unarmed           |    74 |       |       ||    74
       Mace              |     8 |   170 |   239 ||   417
       Punch             |     1 |     3 |     4 ||     8
       Giant spiked club |       |       |    15 ||    15
 Cast: Shock             |    10 |    28 |    21 ||    59
       Static Discharge  |     1 |    22 |    62 ||    85
       Sublimation of Bl |       |     4 |     7 ||    11
       Airstrike         |       |       |    11 ||    11
Invok: Rising Flame      |       |       |     1 ||     1
  Use: Scroll            |     1 |     5 |    12 ||    18
       Potion            |       |     1 |     2 ||     3
 Stab: Sleeping          |     2 |     4 |       ||     6
Armor: Robe              |    26 |    61 |   219 ||   306
       Steam dragon scal |       |       |    10 ||    10
Dodge: Dodged            |    37 |    99 |   238 ||   374
